 Dungeon Sprint DCSS version 0.31.0 (webtiles) character file.

Game seed: 4783081440267717730

1959 Groucho the Geomancer (level 9, -1/56 HPs)
             Began as a Deep Elf Earth Elementalist on Jan 19, 2024.
             Was a High Priest of Sif Muna.
             Slain by a swamp dragon (7 damage)
             ... in the Dungeon (Sprint VII: "The Pits").
             The game lasted 00:06:31 (3303 turns).

Groucho the Geomancer (Deep Elf Earth Elementalist) Turns: 3303, Time: 00:06:31

Health: -1/56      AC:  2    Str:  8    XL:     9   Next: 0%
Magic:  4/25       EV: 15    Int: 25    God:    Sif Muna [*****.]
Gold:   0          SH:  0    Dex: 15    Spells: 21/29 levels left

rFire   . . .        e - +3 dagger (venom)
rCold   . . .        (no shield)
rNeg    . . .        a - +0 robe
rPois   .            (no helmet)
rElec   .            (no cloak)
rCorr   .            (no gloves)
SInv    .            (no boots)
Will    .....        (no amulet)
Stlth   +++          h - +3 ring of evasion
HPRegen 0.29/turn    m - +3 ring of strength
MPRegen 0.19/turn

%: no teleportation
@: no status effects
A: no striking features
a: Renounce Religion, Channel Magic, Forget Spell, Divine Exegesis


You were in the Dungeon.
You worshipped Sif Muna.
Sif Muna was extremely pleased with you.
You visited 1 branch

Inventory:

Hand Weapons
 e - a +3 dagger of venom (weapon)
Armour
 a - a +0 robe (worn)
Jewellery
 h - a +3 ring of evasion (left hand)
 m - a +3 ring of strength (right hand)
Scrolls
 g - a scroll of blinking
 j - 2 scrolls of vulnerability
 k - 5 scrolls of amnesia
 l - a scroll of summoning
Potions
 b - 4 potions of magic
 c - 10 potions of heal wounds
 d - 8 potions of curing
 f - 4 potions of berserk rage
 i - 2 potions of invisibility
 n - 2 potions of haste
 o - a potion of brilliance


   Skills:
 + Level 6.6 Fighting
 - Level 5.0 Short Blades
 - Level 2.4 Dodging
 - Level 7.0 Stealth
 + Level 10.7 Spellcasting
 + Level 8.7 Conjurations
 * Level 12.7 Earth Magic
 + Level 6.5 Alchemy
 + Level 2.6 Invocations


You had 21 spell levels left.
You knew the following spells:

 Your Spells              Type           Power      Damage    Failure   Level
a - Sandblast             Erth           100%       2d20      1%          1
b - Stone Arrow           Conj/Erth      100%       3d13      1%          3
c - Petrify               Alch/Erth      58%        N/A       1%          4

Your spell library contained the following spells:

 Spells                   Type           Power      Damage    Failure   Level
 Kiss of Death            Conj/Necr      100%       2d13      1%          1
 Sting                    Conj/Alch      100%       1d9       1%          1
 Mercury Vapours          Alch/Air       58%        N/A       1%          2
 Passwall                 Erth           67%        N/A       1%          3
 Brom's Barrelling Bould  Conj/Erth      61%        2d8       1%          4
 Olgreb's Toxic Radiance  Alch           46%        N/A       3%          4
 Dispel Undead            Necr           13%        3d9       41%         4
 Haunt                    Necr/Summ      6%         N/A       100%        7
 Borgnjor's Revivificati  Necr           6%         N/A       100%        8
 Infestation              Necr           6%         N/A       100%        8


Dungeon Overview and Level Annotations

Branches:
Dungeon (1/1)

Altars:
Ashenzari
Cheibriados
Dithmenos
Elyvilon
Fedhas
Gozag
Hepliaklqana
Kikubaaqudgha
Makhleb
Nemelex Xobeh
Okawaru
Qazlal
Ru
Sif Muna
Trog
Uskayaw
Vehumet
Wu Jian
Xom
Yredelemnul
Zin
The Shining One
Jiyva
Lugonu


Message History

Unknown command.
Unknown command.
Unknown command.
Aiming: Stone Arrow (safe; 1% risk of failure)
Press: ? - help, Q - select action, (/) - cycle Shift-Dir - straight line, f - gnoll, p - gnoll
Aim: a gnoll, wielding a +0 club (81% to hit)
The stone arrow hits the gnoll!!
You kill the gnoll!
Sif Muna accepts your kill.
The gnoll sergeant hits you from afar with a +3 spear of freezing!
The gnoll sergeant freezes you.
You have reached level 9!
Your experience leads to an increase in your attributes!
Your base attributes are Str 5, Int 23, Dex 15.
Increase (S)trength, (I)ntelligence, or (D)exterity?
You feel clever. x2
You feel much better. The swamp dragon closely misses you.
The swamp dragon claws you. The swamp dragon barely misses you.
The gnoll sergeant hits you from afar with a +3 spear of freezing!
The gnoll sergeant freezes you.
Unknown command.
Unknown command.
Aiming: Stone Arrow (safe; 1% risk of failure)
Press: ? - help, Q - select action, (/) - cycle Shift-Dir - straight line, f - gnoll sergeant, p - gnoll
Aim: a gnoll sergeant, wielding a +3 spear of freezing and wearing a +0 ring mail (84% to hit)
The stone arrow hits the swamp dragon!
The swamp dragon is lightly wounded.
The swamp dragon completely misses you. The swamp dragon claws you.
The swamp dragon tramples you!
You stumble backwards!
Unknown command.
Unknown command.
Aiming: Stone Arrow (safe; 1% risk of failure)
Press: ? - help, Q - select action, (/) - cycle Shift-Dir - straight line, f/p - gnoll sergeant
Aim: a gnoll sergeant, wielding a +3 spear of freezing and wearing a +0 ring mail (84% to hit)
The stone arrow hits the swamp dragon!!
The swamp dragon is heavily wounded.
The swamp dragon bites you!!
* * * LOW HITPOINT WARNING * * *
The swamp dragon misses you. The swamp dragon tramples you!
You die... ...#..#......# .............# '#####''##### ....##''# ####### ....##..# ..... ....##..# ggg

<...##..#### #g#
....##..#..#####D##
....##..#....##.@.#
....##..รท.....#...#
######..'.....'...+
######..'.....#...#
..[[##..#....##...#
..[[##..#..#####.##
..))##..#### #+#
..))##..# ..))##..#


You could see a swamp dragon, a gnoll sergeant and 3 gnolls.

Vanquished Creatures
  A cane toad (D)
  Prince Ribbit (D)
  3 glass eyes (D)
  A wraith (D)
  Menkaure (D)
  An ice beast (D)
  A bullfrog (D)
  A scorpion (D)
  5 wights (D)
  A jelly (D)
  A hound (D)
  A hell rat (D)
  2 orc wizards (D)
  3 gnolls (D)
  A river rat (D)
  2 ufetubi (D)
  2 ribbon worms (D)
  2 orcs (D)
  A ball python (D)
  A bat (D)
  3 jackals (D)
  2 quokkas (D)
  A frilled lizard (D)
  A goblin (D)
39 creatures vanquished.

Notes
Turn   | Place    | Note
-------+----------+-------------------------------------------
     0 | D        | Groucho the Deep Elf Earth Elementalist began the quest for
                  | the Orb.
     0 | D        | Reached XP level 1. HP: 10/10 MP: 6/6
    11 | D        | Reached skill level 1 in Fighting
    11 | D        | Reached skill level 4 in Earth Magic
   254 | D        | Found a glowing golden altar of the Shining One.
   254 | D        | Found a glowing silver altar of Zin.
   254 | D        | Found a basalt altar of Yredelemnul.
   254 | D        | Found a shimmering altar of Xom.
   254 | D        | Found an ornate altar of the Wu Jian Council.
   254 | D        | Found a bloodstained altar of Trog.
   254 | D        | Found a shimmering blue altar of Sif Muna.
   254 | D        | Found a sacrificial altar of Ru.
   254 | D        | Found a stormy altar of Qazlal.
   254 | D        | Found an iron altar of Okawaru.
   254 | D        | Found a sparkling altar of Nemelex Xobeh.
   254 | D        | Found a burning altar of Makhleb.
   254 | D        | Found a viscous altar of Jiyva.
   254 | D        | Found a hazy altar of Hepliaklqana.
   254 | D        | Found an opulent altar of Gozag.
   254 | D        | Found a blossoming altar of Fedhas.
   254 | D        | Found a white marble altar of Elyvilon.
   254 | D        | Found a shadowy altar of Dithmenos.
   254 | D        | Found a snail-covered altar of Cheibriados.
   255 | D        | Found a radiant altar of Vehumet.
   255 | D        | Found a corrupted altar of Lugonu.
   256 | D        | Found an ancient bone altar of Kikubaaqudgha.
   256 | D        | Found a hide-covered altar of Uskayaw.
   256 | D        | Found a broken altar of Ashenzari.
   257 | D        | Became a worshipper of Sif Muna the Loreminder
   270 | D        | Noticed a glass eye
   274 | D        | Reached XP level 2. HP: 16/16 MP: 5/9
   279 | D        | Killed a glass eye
   280 | D        | Reached skill level 5 in Conjurations
   280 | D        | Reached skill level 8 in Earth Magic
   280 | D        | Reached XP level 3. HP: 24/24 MP: 0/13
   280 | D        | Reached XP level 4. HP: 29/29 MP: 0/15
   280 | D        | Reached XP level 5. HP: 33/33 MP: 0/16
   721 | D        | Learned a level 3 spell: Stone Arrow
   726 | D        | Learned a level 4 spell: Petrify
   730 | D        | Reached * piety under Sif Muna
   744 | D        | Reached skill level 1 in Short Blades
   744 | D        | Reached skill level 1 in Alchemy
   745 | D        | Reached ** piety under Sif Muna
   746 | D        | Reached skill level 9 in Earth Magic
   746 | D        | Reached XP level 6. HP: 32/39 MP: 9/18
   753 | D        | Reached *** piety under Sif Muna
   770 | D        | Reached skill level 5 in Stealth
   776 | D        | Noticed a glass eye
   785 | D        | Killed a glass eye
   786 | D        | Reached skill level 5 in Fighting
   786 | D        | Reached skill level 10 in Earth Magic
   786 | D        | Reached XP level 7. HP: 24/44 MP: 15/21
  1084 | D        | Noticed Prince Ribbit
  1094 | D        | Reached **** piety under Sif Muna
  1147 | D        | Noticed Menkaure
  1151 | D        | Killed Menkaure
  1154 | D        | Reached skill level 11 in Earth Magic
  1154 | D        | Reached ***** piety under Sif Muna
  1251 | D        | Killed Prince Ribbit
  1251 | D        | Received a gift from Sif Muna
  1252 | D        | Reached skill level 5 in Alchemy
  1252 | D        | Reached XP level 8. HP: 33/51 MP: 3/23
  1254 | D        | Got Sif Muna's Spellbook of Shadows {god gift}
  1578 | D        | Reached skill level 5 in Short Blades
  1946 | D        | Reached skill level 10 in Spellcasting
  1947 | D        | Reached skill level 12 in Earth Magic
  2636 | D        | Received a gift from Sif Muna
  2920 | D        | Noticed a cane toad
  2920 | D        | Noticed a glass eye
  3046 | D        | Killed a cane toad
  3050 | D        | Killed a glass eye
  3296 | D        | Noticed a swamp dragon
  3301 | D        | Reached XP level 9. HP: 19/56 MP: 9/25
  3303 | D        | Slain by a swamp dragon

Illustrated notes

Levels and vault maps discovered:
D:        pitsprint [storerooms_1, entrance_room_1, metal_vault_1, armoury_2,
          mini_pit_1, grid_room_1, main_hall_1, silver_pit, the_coven_3,
          the_vestibule_1, steel_vault_4, golden_pit, hallway_of_sentries,
          crystal_vault_1, iron_vault_2, final_vault]

Skill      XL: |  1  2  3  4  5  6  7  8 |
---------------+-------------------------+-----
Fighting       | 1 3 4 5 6 |  6.6
Earth Magic    | 4 8 9 10 11 12 | 12.7
Spellcasting   | 4 7 8 9 10 | 10.7
Conjurations   | 2 5 6 7 8 |  8.7
Short Blades   | 2 3 4 5 |  5.0
Stealth        | 3 5 7 |  7.0
Alchemy        | 2 4 5 6 |  6.5
Invocations    | 2 |  2.6
Dodging        | |  2.4

Action                     |  1- 3 |  4- 6 |  7- 9 || total
---------------------------+-------+-------+-------++-------
  Melee: Dagger            |       |     6 |       ||     6
   Cast: Sandblast         |    10 |    17 |     3 ||    30
         Stone Arrow       |       |     4 |    43 ||    47
    Use: Potion            |       |     4 |     1 ||     5
 Armour: Robe              |     2 |     7 |    12 ||    21
  Dodge: Dodged            |     2 |     5 |     9 ||    16
